 Dungeon Crawl Stone Soup version 0.30-a0-930-gb9d0489357 (webtiles) character file.

Game seed: 11988298537744078854

4418 DeathPants the Slicer (level 10, 0/53 HPs)
             Began as a Vine Stalker Gladiator on Mar 23, 2023.
             Slain by an eight-headed hydra (3 damage)
             ... on level 8 of the Dungeon.
             The game lasted 00:22:56 (7032 turns).

DeathPants the Slicer (Vine Stalker Gladiator)      Turns: 7032, Time: 00:22:57

Health: 0/53       AC:  5    Str: 17    XL:     10   Next: 36%
Magic:  0/11       EV: 15    Int: 10    God:
Gold:   468        SH:  0    Dex: 18    Spells: 9/9 levels left

rFire   . . .      SeeInvis .    b - +5 dagger (freeze)
rCold   . . .      Faith    .    (no shield)
rNeg    . . .      Spirit   +    t - +0 leather armour
rPois   .          Reflect  .    c - +1 helmet
rElec   .          Rampage  .    (no cloak)
rCorr   +                        (no gloves)
Will    +....                    (no boots)
Stlth   ++++                     (no amulet)
HPRegen 1.08/turn                o - ring of resist corrosion
MPRegen 0.12/turn                (no ring)

@: no status effects
A: fangs 3, regeneration 1, magic shield, antimagic bite, no potion heal 2
a: no special abilities


You were on level 8 of the Dungeon.
You visited 2 branches of the dungeon, and saw 9 of its levels.
You also visited: Ossuary.

You collected 501 gold pieces.
You spent 33 gold pieces at shops.

Inventory:

Hand Weapons
 a - a +0 rapier of freezing
 b - a +5 dagger of freezing (weapon)
Missiles
 h - a javelin
 l - 8 boomerangs (quivered)
 n - 3 silver boomerangs
 v - 11 poisoned darts
Armour
 c - a +1 helmet (worn)
 t - a +0 leather armour (worn)
Jewellery
 k - a ring of fire
 o - a ring of resist corrosion (left hand)
Wands
 e - a wand of iceblast (8)
 s - a wand of digging (6)
Scrolls
 d - 2 scrolls of teleportation
 g - a scroll of magic mapping
 m - 3 scrolls of fog
 r - a scroll of fear
 w - a scroll of brand weapon
 y - a scroll of identify
Potions
 f - a potion of lignification
 i - 2 potions of attraction
 j - 6 potions of mutation
 p - a potion of haste
 q - 3 potions of curing
 u - a potion of brilliance
 x - a potion of invisibility


   Skills:
 + Level 6.2 Fighting
 * Level 9.1 Short Blades
 - Level 1.7 Throwing
 + Level 6.1 Dodging
 + Level 8.5 Stealth


You had 9 spell levels left.
You didn't know any spells.
Your spell library contained the following spells:

 Spells                   Type           Power      Damage    Failure   Level
 Shock                    Conj/Air       0%         1d3       43%         1
 Swiftness                Air            0%         N/A       80%         3
 Airstrike                Air            0%         2d(0-16)  99%         4


Dungeon Overview and Level Annotations

Branches:
Dungeon (8/15)             Temple (1/1) D:5            Lair (0/5) D:8
Ossuary (visited)

Altars:
Ashenzari
Cheibriados
Dithmenos
Elyvilon
Fedhas
Hepliaklqana
Kikubaaqudgha
Makhleb
Nemelex Xobeh
Okawaru
Qazlal
Ru
Sif Muna
Trog
Vehumet
Wu Jian
Xom
Yredelemnul
Zin
The Shining One

Shops:
D:1 [   D:2 [   D:3 *   D:8 [


Innate Abilities, Weirdness & Mutations

You have razor-sharp teeth.
Your natural rate of healing is unusually fast.
When hurt, damage is shared between your health and your magic reserves.
Your bite disrupts and absorbs the magic of your enemies.
Potions cannot restore your health.


Message History

The eight-headed hydra roars!
You hit the howler monkey. You freeze the howler monkey.
You bite the howler monkey! You drain its power.
The howler monkey is almost dead.
You hear an angry buzzing noise.
The howler monkey misses you.
You barely miss the howler monkey. Your bite misses the howler monkey.
The howler monkey is almost dead.
The howler monkey barely misses you.
The howler monkey hoots and howls with incredible vigour!
You hear an angry buzzing noise.
You barely miss the howler monkey. You bite the howler monkey.
You kill the howler monkey!
The howler monkey hoots and howls with incredible vigour!
You see here a howler monkey corpse.
The howler monkey hoots and howls with incredible vigour!
The killer bee buzzes angrily.
The howler monkey hoots and howls with incredible vigour!
You hear an angry buzzing noise.
The howler monkey attacks as you move away!
The howler monkey misses you.
The howler monkey attacks as you move away!
The howler monkey completely misses you.
The eight-headed hydra attacks as you move away!
The eight-headed hydra barely misses you.
The eight-headed hydra bites you!
The eight-headed hydra bites you but does no damage.
The eight-headed hydra bites you. The eight-headed hydra misses you.
The eight-headed hydra bites you.
The eight-headed hydra bites you but does no damage.
The eight-headed hydra bites you.
You barely miss the eight-headed hydra.
You bite the eight-headed hydra, but do no damage.
The eight-headed hydra closely misses you.
The eight-headed hydra bites you! x2
* * * LOW HITPOINT WARNING * * *
The eight-headed hydra bites you!
* * * LOW HITPOINT WARNING * * *
The eight-headed hydra bites you.
You die...

#.....#...#... #.##.#...#.#......
#.........#...##.##.#...#.#......
........................#.#......
............ ...................
.............###.##y#............
#<..#...........y..†.............
....#....#...###h##.#........#...
............ #D##.#...##.###...
##....... #@##........####..
#..............................
.....####..####.._..####..####
.##....... ................ ..
...... .#########>###### ## #. #.
#


You could see an eight-headed hydra, a howler monkey and a killer bee.

Vanquished Creatures
  Joseph (D:7)
  A hornet (D:8)
  A slime creature (D:8)
  A steam dragon (D:8)
  Menkaure (D:7)
  2 wargs (D:8)
  A water moccasin (D:7)
  3 orc warriors
  2 ice beasts (D:5)
  A black bear (D:4)
  A sky beast (D:7)
  An ogre (D:7)
  2 centaurs (D:8)
  2 bullfrogs
  4 scorpions
  8 wights
  2 killer bees
  6 howler monkeys
  3 centaur zombies (Ossuary)
  2 jellies
  2 hounds
  A human zombie (Ossuary)
  7 orc priests
  A gnoll bouda (D:8)
  Ijyb (D:3)
  3 iguanas
  9 orc wizards
  2 sleepcaps
  5 mummies
  9 adders
  3 gnolls (D:8)
  A white imp (D:8)
  3 ufetubi
  2 dart slugs
  35 orcs
  4 ball pythons
  5 bats
  3 endoplasms
  5 giant cockroaches
  2 goblins
  6 hobgoblins
  4 jackals (D:2)
  8 kobolds
  3 quokkas
  A frilled lizard (D:2)
  A hobgoblin zombie (Ossuary)
  4 kobold zombies
  An orc zombie (Ossuary)
  2 rats (D:1)
178 creatures vanquished.

Vanquished Creatures (others)
  An orc wizard (D:5)
  A plant (D:8)
2 creatures vanquished.

Grand Total: 180 creatures vanquished

Notes
Turn   | Place    | Note
-------+----------+-------------------------------------------
     0 | D:1      | DeathPants the Vine Stalker Gladiator began the quest for
                  | the Orb.
     0 | D:1      | Reached XP level 1. HP: 11/11 MP: 2/2
   208 | D:2      | Reached skill level 3 in Short Blades
   208 | D:2      | Reached skill level 1 in Stealth
   208 | D:2      | Reached XP level 2. HP: 15/15 MP: 3/3
   334 | D:1      | Found Boex's Antique Armour Boutique.
   630 | D:2      | Found Harucah's Armour Emporium.
   657 | D:2      | Reached XP level 3. HP: 18/18 MP: 4/4
  1010 | D:2      | Identified the +2 hat of a Gauntlet {Str+3}
  1092 | D:2      | Found a snail-covered altar of Cheibriados.
  1098 | D:3      | Found a faded altar of an unknown god.
  1469 | D:4      | Found a sand-covered staircase.
  1476 | D:4      | Gained mutation: Your natural rate of healing is unusually
                  | fast. [Vine Stalker growth]
  1476 | D:4      | Reached XP level 4. HP: 23/23 MP: 5/5
  1478 | Ossuary  | Entered an ossuary
  1633 | Ossuary  | Reached XP level 5. HP: 23/27 MP: 4/6
  1713 | Ossuary  | Reached skill level 4 in Short Blades
  1785 | Ossuary  | Reached XP level 6. HP: 32/32 MP: 4/7
  1946 | D:3      | Found Yniu's General Store.
  1952 | D:3      | Bought a potion of curing for 33 gold pieces
  2059 | D:3      | Noticed Ijyb
  2073 | D:3      | Killed Ijyb
  2417 | D:4      | Noticed a black bear
  2426 | D:4      | Killed a black bear
  2427 | D:4      | Reached XP level 7. HP: 31/36 MP: 8/8
  2481 | D:4      | Found an iron altar of Okawaru.
  2963 | D:4      | Reached skill level 5 in Short Blades
  3011 | D:5      | Entered Level 5 of the Dungeon
  3139 | D:4      | Found a burning altar of Makhleb.
  3139 | D:4      | Noticed a cacodemon
  3225 | D:5      | Found a sacrificial altar of Ru.
  3594 | D:5      | Found a staircase to the Ecumenical Temple.
  3606 | Temple   | Entered the Ecumenical Temple
  3716 | D:5      | Gained mutation: You have razor-sharp teeth. [Vine Stalker
                  | growth]
  3716 | D:5      | Reached XP level 8. HP: 28/42 MP: 6/9
  4001 | D:5      | Reached skill level 6 in Short Blades
  4001 | D:5      | Reached skill level 5 in Stealth
  4574 | D:6      | Found a bloodstained altar of Trog.
  5127 | D:6      | Reached skill level 7 in Short Blades
  5334 | D:6      | Reached XP level 9. HP: 42/46 MP: 10/10
  5499 | D:7      | Noticed Joseph
  5528 | D:7      | Killed Joseph
  5529 | D:7      | Reached skill level 5 in Fighting
  5529 | D:7      | Reached skill level 5 in Dodging
  5562 | D:7      | Noticed Menkaure
  5566 | D:7      | Killed Menkaure
  5613 | D:7      | HP: 2/47 [poisoned by an orc warrior]
  5866 | D:7      | Reached skill level 8 in Short Blades
  6011 | D:7      | Found a stormy altar of Qazlal.
  6025 | D:7      | Found a hazy altar of Hepliaklqana.
  6026 | D:7      | Found a shimmering altar of Xom.
  6027 | D:7      | Noticed a spectral ugly thing
  6027 | D:7      | Noticed a thorn hunter
  6282 | D:7      | Found a snail-covered altar of Cheibriados.
  6282 | D:7      | Found a radiant altar of Vehumet.
  6369 | D:8      | Noticed a hornet
  6372 | D:8      | Killed a hornet
  6413 | D:8      | Reached XP level 10. HP: 44/53 MP: 11/11
  6497 | D:8      | Found Xifengas's Armour Boutique.
  6597 | D:8      | Found a staircase to the Lair.
  6728 | D:8      | Reached skill level 9 in Short Blades
  6876 | D:8      | Identified the +8 sling of the Glimmering Whale {freeze,
                  | rPois rN+ Int-4 SInv}
  7013 | D:8      | Found a broken altar of Ashenzari.
  7021 | D:8      | Noticed an eight-headed hydra
  7032 | D:8      | Slain by an eight-headed hydra

Illustrated notes

Levels and vault maps discovered:
D:1:      tarquinn_simple_flora_water_d, layout_loops_corners, serial_shops,
          nicolae_shop_stone
D:2:      layout_rooms, basic_altar, serial_curves, eino_curves_01,
          eino_curves_01, serial_shops, shop_coins
D:3:      layout_rooms, serial_shops, nicolae_square_shop,
          hellmonk_ecumenical_altar_run_dry, uniq_ijyb
D:4:      layout_gridville, makhleb_altar_promises_db,
          mainiacjoe_overflow_six_doors_small, nicolae_ossuary_entry_giza
D:5:      layout_basic, mainiacjoe_overflow_cross_hatched,
          minmay_temple_entry_steel_oval
D:6:      layout_loops_ring, mainiacjoe_overflow_tiny_flanked,
          chequers_serial_rivers_micro_a, kennysheep_flooded_box,
          hangedman_decor_slide_cut, corner_web_ring
D:7:      layout_loops_cross, regret_index_temple_of_mockery,
          lemuel_crystal_altar, amethyst_overflow_temple_binary, uniq_joseph,
          uniq_menkaure
D:8:      minmay_chambers_of_fours, layout_basic, mainiacjoe_overflow_boulevard,
          erik_lair_orcish_takeover, serial_shops, shop
Temple:   hellmonk_temple_rainy

Skill      XL: |  1  2  3  4  5  6  7  8  9 10 |
---------------+-------------------------------+-----
Fighting       | 2 3 4 5 6 |  6.2
Short Blades   | 3 4 5 7 8 9 |  9.1
Stealth        | 1 2 3 4 6 7 8 |  8.5
Dodging        | 3 4 5 6 |  6.1
Throwing       | |  1.7

Action                     |  1- 3 |  4- 6 |  7- 9 | 10-12 || total
---------------------------+-------+-------+-------+-------++-------
  Melee: Rapier            |    94 |    90 |       |       ||   184
         Bite              |    21 |    35 |   103 |    49 ||   208
         Punch             |       |     2 |     1 |     3 ||     6
         Dagger            |       |    13 |   337 |   136 ||   486
  Throw: Throwing net      |       |     5 |     1 |       ||     6
         Javelin           |       |       |     2 |       ||     2
         Boomerang         |       |       |     2 |       ||     2
  Evoke: Wand              |       |       |     2 |       ||     2
    Use: Scroll            |     2 |     3 |    14 |     1 ||    20
         Potion            |       |       |     5 |       ||     5
   Stab: Sleeping          |       |     7 |    17 |       ||    24
         Held in net/web   |       |     3 |       |       ||     3
         Distracted        |       |       |     2 |       ||     2
         Invisible         |       |       |     2 |       ||     2
 Armour: Leather armour    |    42 |    31 |    43 |    19 ||   135
  Dodge: Dodged            |    82 |    59 |   162 |    79 ||   382

Table legend: (Time is in decaauts)
 A = Elapsed time spent in this place.
 B = Non-inter-level travel time spent in this place.
 C = Inter-level travel time spent in this place.
 D = Time resting spent in this place.
 E = Time spent auto-exploring this place.
 F = Levels seen in this place.
 G = Mean time per level.
                   A        B        C        D        E       F      G
               +--------+--------+--------+--------+--------+-----+--------+
         Total |   6861 |   6657 |    204 |    263 |   4180 |  10 |  686.1 |
       Dungeon |   6366 |   6162 |    204 |    123 |   4117 |   8 |  795.8 |
        Temple |     66 |     66 |      0 |      0 |     32 |   1 |   66.0 |
       Ossuary |    429 |    429 |      0 |    140 |     31 |   1 |  429.0 |
               +--------+--------+--------+--------+--------+-----+--------+

Top non-repeatable levels by time:
     D:5: 1160 daAuts
     D:6: 961 daAuts
     D:1: 913 daAuts
     D:7: 852 daAuts
     D:4: 838 daAuts
     D:8: 630 daAuts
     D:3: 535 daAuts
     D:2: 473 daAuts
 Ossuary: 429 daAuts
  Temple: 66 daAuts
